AoeStats
← 鄙人張麻子

Arena

505662740Analyzed
4v4 RM · 23d ago on Sep 10, 2026· 51m 5s· 8 players
Game mode
Random Map
Map size
Large (8 player)
Population
200
Speed
Normal
Resources
Standard
Victory
Conquest
Starting age
Dark Age
Ending age
Imperial Age
RankedLock teamsTeams togetherTeam positionsShared explorationLock speedFull tech treeHidden civsTurbo modeCheats
Victory
Defeat
🇹🇼 Japanese · Taiwan
1175
+13
🇹🇼 Teutons · Taiwan
1127
+15
🇹🇼 Celts · Taiwan
1080
+17
🇹🇼 Persians · Taiwan
981
+20
🇨🇳 Britons · China
1121
-17
🇹🇼 Slavs · Taiwan
1094
-16
🇹🇼 Magyars · Taiwan
1092
-16
🇨🇦 Maya · Canada
1092
-16
FredoLeBeau
0:36 Loom
10:54 Feudal Age
15:55 Castle Age
14:41 Horse Collar
15:43 Double-Bit Axe
17:20 Fletching
17:55 Bow Saw
22:44 Scale Mail Armor
22:56 Forging
22:37 Eagle Warrior
27:03 Chain Mail Armor
28:51 Iron Casting
30:55 Pikeman
33:45 Padded Archer Armor
33:35 Fletching
36:39 Imperial Age
35:46 Bodkin Arrow
36:04 Squires
37:16 Leather Archer Armor
38:27 Bracer
popibo
10:37 Feudal Age
8:52 Loom
15:44 Castle Age
13:46 Double-Bit Axe
13:46 Horse Collar
15:35 Town Watch
22:35 Wheelbarrow
22:49 Heavy Plow
23:54 Stone Mining
23:55 Gold Mining
24:30 Bow Saw
26:02 Hand Cart
29:53 Imperial Age
27:28 Padded Archer Armor
27:36 Scale Barding Armor
27:42 Forging
28:37 Gold Shaft Mining
30:29 Chain Barding Armor
30:45 Iron Casting
31:15 Crop Rotation
31:14 Masonry
31:25 Fortified Wall
31:10 Murder Holes
32:26 Two-Man Saw
32:05 Conscription
32:45 Elite Boyar
35:27 Bloodlines
36:08 Husbandry
35:33 Cavalier
k00144
11:24 Feudal Age
12:44 Loom
13:33 Double-Bit Axe
16:37 Castle Age
15:45 Horse Collar
19:33 Bow Saw
20:05 Heavy Plow
25:44 Wheelbarrow
29:19 Imperial Age
27:50 Ballistics
28:41 Husbandry
28:53 Bloodlines
28:51 Fletching
29:02 Padded Archer Armor
29:46 Thumb Ring
30:52 Parthian Tactics
30:41 Bodkin Arrow
31:58 Chemistry
31:29 Gold Mining
32:25 Bracer
33:17 Hand Cart
van_2020
10:06 Feudal Age
11:21 Double-Bit Axe
14:45 Castle Age
16:21 Bow Saw
16:08 Horse Collar
19:26 Heavy Plow
21:36 Wheelbarrow
24:46 Loom
26:32 Pikeman
26:41 Pikeman
東塔取蜜
10:42 Feudal Age
14:50 Castle Age
13:22 Double-Bit Axe
13:31 Horse Collar
15:33 Bow Saw
17:19 Scale Barding Armor
19:48 Chain Barding Armor
19:42 Forging
25:03 Iron Casting
25:07 Husbandry
25:18 Bloodlines
26:19 Heavy Plow
32:38 Wheelbarrow
31:49 Loom
31:52 Town Watch
32:22 Light Cavalry
34:04 Hand Cart
37:31 Imperial Age
39:01 Plate Barding Armor
39:26 Blast Furnace
41:42 Blast Furnace
40:42 Cavalier
42:46 Conscription
42:33 Gold Mining
42:33 Stone Mining
43:17 Crop Rotation
42:47 Murder Holes
44:00 Hoardings
47:59 Savar
鄙人張麻子
10:58 Feudal Age
15:09 Castle Age
13:30 Horse Collar
13:36 Double-Bit Axe
15:54 Heavy Plow
16:05 Bow Saw
21:25 Wheelbarrow
23:14 Gold Mining
25:17 Hand Cart
27:47 Imperial Age
25:20 Loom
25:31 Stone Mining
25:44 Fletching
26:25 Hand Cart
26:33 Ballistics
26:38 Bodkin Arrow
26:44 Padded Archer Armor
26:54 Town Watch
28:15 Leather Archer Armor
27:57 Treadmill Crane
28:57 Gold Shaft Mining
28:28 Bracer
29:49 Two-Man Saw
29:02 Thumb Ring
29:31 Ring Archer Armor
30:23 Parthian Tactics
32:03 Chemistry
30:57 Guard Tower
30:47 Heavy Cavalry Archer
32:55 Kataparuto
32:47 Scale Mail Armor
32:57 Forging
33:44 Siege Engineers
34:59 Conscription
35:18 Chain Mail Armor
35:39 Iron Casting
35:49 Gold Shaft Mining
35:34 Pikeman
36:00 Gambesons
37:10 Caravan
38:04 Keep
37:15 Arrowslits
37:26 Murder Holes
37:45 Masonry
38:14 Coinage
37:09 Halberdier
37:50 Squires
39:53 Banking
48:01 Fortified Wall
47:37 Arrowslits
50:00 Hoardings
48:49 Spies/Treason
世紀垃圾
10:43 Feudal Age
14:34 Castle Age
13:03 Double-Bit Axe
13:19 Horse Collar
15:30 Bow Saw
17:43 Heavy Plow
19:21 Man-at-Arms
30:17 Imperial Age
28:15 Gold Mining
28:16 Long Swordsman
31:00 Two-Handed Swordsman
32:15 Loom
32:38 Arson
33:33 Wheelbarrow
33:49 Scale Mail Armor
33:59 Forging
35:10 Chain Mail Armor
36:33 Champion
39:34 Plate Mail Armor
38:53 Gambesons
42:44 Iron Casting
42:40 Hand Cart
42:06 Capped Ram
44:07 Siege Ram
46:28 Blast Furnace
老雞白
11:03 Feudal Age
14:44 Castle Age
12:42 Double-Bit Axe
14:06 Horse Collar
15:38 Bow Saw
15:47 Heavy Plow
21:09 Wheelbarrow
23:04 Gold Mining
27:13 Imperial Age
24:33 Town Watch
24:40 Loom
25:15 Scale Barding Armor
25:48 Forging
26:21 Hand Cart
26:32 Chain Barding Armor
26:37 Bloodlines
28:18 Iron Casting
28:30 Plate Barding Armor
27:52 Cavalier
30:03 Blast Furnace
30:12 Paladin
32:10 Scale Mail Armor
33:18 Chain Mail Armor
34:52 Conscription
35:46 Plate Mail Armor
34:40 Pikeman
35:20 Squires
35:06 Arson
37:22 Halberdier
39:36 Caravan
39:55 Fletching
40:27 Ballistics
40:14 Siege Engineers
41:09 Chemistry
40:20 Masonry
40:57 Crenellations
41:22 Bodkin Arrow
47:29 Spies/Treason
50:47 Fortified Wall
Connection lost

Rejoining the realm…

Still unreachable

The connection could not be restored.

Session expired

The server has moved on; the page needs a fresh start.